 Dungeon Crawl Stone Soup version 0.28-a0-662-g1651b1f1e0 (webtiles) character file.

Game seed: 17899596766340393116

3469 cheechan the Cleaver (level 10, -7/75 HPs)
             Began as an Octopode Berserker on Oct 14, 2021.
             Was an Elder of Trog.
             Mangled by a two-headed ogre (14 damage)
             ... on level 8 of the Dungeon.
             The game lasted 00:31:16 (10052 turns).

cheechan the Cleaver (Octopode Berserker)          Turns: 10052, Time: 00:31:17

Health: -7/75      AC:  2    Str: 16 (19) XL:     10   Next: 6%
Magic:  19/19      EV: 14    Int:  9 (11) God:    Trog [****..]
Gold:   437        SH: 11    Dex: 14      Spells: 9/9 levels left

rFire   . . .      SeeInvis +   N - +2 hand axe (elec)
rCold   + + +      Faith    .   c - +3 kite shield
rNeg    . . .      Spirit   .   (helmet restricted)
rPois   .          Reflect  .   S - amulet of Tiothroqeo {Acrobat Rampage rC+++ Dex-2}
rElec   .          Harm     .   j - ring of the Octopus King {AC+1 EV+1 Str+1 Int+1 Dex+1 SInv}
rCorr   .          Rampage  +   t - ring of magical power
Will    .....                   (no ring)
Stlth   ++++......              (no ring)
HPRegen 0.22/turn               (no ring)
MPRegen 0.16/turn               (no ring)
                                (no ring)
                                (no ring)

@: lethally poisoned (-7 -> -33), on berserk cooldown, slowed, very slow
A: almost no armour, amphibious, 8 rings, camouflage 1, gelatinous body 1,
(nimble swimmer 1), tentacles, deterioration 1, robust 1, strong 1, MP-powered
wands
a: Renounce Religion, Berserk, Trog's Hand, Brothers in Arms


You were on level 8 of the Dungeon.
You worshipped Trog.
Trog was greatly pleased with you.
You visited 1 branch of the dungeon, and saw 8 of its levels.
You also visited: Sewer and Bailey.

You collected 527 gold pieces.
You spent 90 gold pieces at shops.

Inventory:

Hand Weapons
 a - a +0 hand axe
 h - a +4 battleaxe of flaming
 l - a +0 quarterstaff
 r - a +0 hunting sling
 s - a +0 falchion
 v - a +0 shortbow
 w - a +0 morningstar
 x - a +0 trident
 y - a +1 falchion of electrocution
 J - a +2 short sword of distortion
 L - a +2 vampiric short sword
 M - a +0 dagger of venom
 N - a +2 hand axe of electrocution (weapon)
Missiles
 b - 52 sling bullets
 e - 179 arrows
 f - 228 stones
 B - 34 poisoned darts (quivered)
 C - 5 boomerangs
 D - 3 silver boomerangs
 E - 90 bolts
 K - 4 curare-tipped darts
Armour
 c - a +3 kite shield (worn)
 i - a +0 kite shield
Jewellery
 j - a ring of the Octopus King (left tentacle) {AC+1 EV+1 Str+1 Int+1 Dex+1 SInv}
   (You acquired it on level 2 of the Dungeon)

   [ring of see invisible]

   AC:        It affects your AC (+1).
   EV:        It affects your evasion (+1).
   Str:       It affects your strength (+1).
   Int:       It affects your intelligence (+1).
   Dex:       It affects your dexterity (+1).
   SInv:      It lets you see invisible.
 p - a ring of see invisible
 t - a ring of magical power (right tentacle)
 S - the amulet of Tiothroqeo (around mantle) {Acrobat Rampage rC+++ Dex-2}
   (You acquired it on level 7 of the Dungeon)

   [amulet of the acrobat]

   It increases your evasion while moving and waiting.
   Dex:       It affects your dexterity (-2).
   rC:        It renders you almost immune to cold.
   Rampage:   It bestows one free step when moving towards enemies.
Wands
 I - a wand of mindburst (15)
Scrolls
 g - a scroll of noise
 o - 3 scrolls of fog
 z - 2 scrolls of blinking
 G - a scroll of identify
 H - a scroll of amnesia
 P - a scroll of magic mapping
 Q - a scroll of teleportation
 T - a scroll of silence {unknown}
Potions
 d - 4 potions of heal wounds
 k - 5 potions of haste
 m - a potion of resistance {unknown}
 n - a potion of brilliance {unknown}
 q - 2 potions of ambrosia {unknown}
 u - 2 potions of cancellation {unknown}
 A - 3 potions of magic {unknown}
 F - 2 potions of berserk rage {unknown}
 O - 4 potions of flight {unknown}
 R - a potion of experience


   Skills:
 + Level 6.8 Fighting
 + Level 10.5 Axes
 + Level 1.0 Throwing
 + Level 5.4 Dodging
 + Level 7.1 Stealth
 + Level 3.0 Shields


You had 9 spell levels left.
You didn't know any spells.
Your spell library was empty.

Dungeon Overview and Level Annotations

Branches:
Dungeon (8/15)             Temple (0/1) D:7           Sewer (visited)
 Bailey (visited)
   Lair: D:8-11

Altars:
Ashenzari
Cheibriados
Makhleb
Uskayaw
Vehumet
Zin

Shops:
D:3 =


Innate Abilities, Weirdness & Mutations

You cannot wear most types of armour.
You are amphibious.
You can wear up to eight rings at the same time.
Your skin changes colour to match your surroundings (Stealth+).
Your rubbery body absorbs attacks. (AC +1, EV +1)
((You are camouflaged near water. (Stealth+)))
You have tentacles for arms and can constrict up to eight enemies at once.
Your body sometimes deteriorates upon taking damage.
You are robust. (+10% HP)
Your muscles are strong. (Str +2)
You expend magic power (3 MP) to strengthen your wands.


Message History

You hit the gnoll. You squeeze the gnoll.
You kill the gnoll!
Trog accepts your kill.
The gnoll sergeant hits you from afar with a +3 trident of venom!!
Your body deteriorates!
You feel weakened.
You are poisoned.
Your Throwing skill increases to level 1!
You feel very sick.
The orc priest begins to cast a cantrip, but forgets the words!
You block the gnoll sergeant's attack. You block the gnoll's attack.
The orc hits you with a +0 club.
Things that are here:
a +0 flail; a gnoll corpse You feel a strong urge to attack something.
You are no longer berserk.
You are exhausted.
You feel yourself slow down.
You feel very sick. The centaur completely misses you.
You block the centaur's attack. The orc completely misses you.
You slash the gnoll sergeant! You grab the gnoll sergeant.
You squeeze the gnoll sergeant!
The gnoll sergeant is severely wounded.
You slash the orc!
You kill the orc!
Trog accepts your kill.
You hit the centaur but do no damage.
You constrict the gnoll sergeant, but do no damage.
You feel very sick.
The centaur zaps a wand.
The puff of flame hits you!
Your body deteriorates!
You feel dopey. You block the gnoll sergeant's attack.
The centaur completely misses you. You block the centaur's attack.
The gnoll sergeant hits you with a +3 trident of venom!
* * * LOW HITPOINT WARNING * * *
Your body deteriorates!
You feel dopey.
You are lethally poisoned!
The two-headed ogre hits you with a +0 giant spiked club!
* * * LOW HITPOINT WARNING * * *
The two-headed ogre hits you with a +0 giant spiked club!
You die...

......._..........#.#.
..................#...
..#......#.........._.
. #....#.##.......#
#..#.#..........#
....##.#......)...#
..##
#.#.......)..####.. .#
#..........)gg.......
#
.........###.o@...<...
......#...#
##cO##.....
......#.... ##oo......
.####.#....# .... ...#
##>.. .... .....
......


You could see a two-headed ogre, a gnoll sergeant, a centaur, an orc priest, an
orc wizard, a gnoll and an orc.

Vanquished Creatures
  An orc high priest (Bailey)
  A kobold demonologist (Bailey)
  A water moccasin (D:6)
  12 orc warriors (Bailey)
  A sky beast (D:6)
  A necrophage (D:7)
  An ogre (D:5)
  3 centaurs
  A kobold brigand (D:5)
  A water moccasin zombie (D:6)
  2 electric eels (Bailey)
  A bullfrog zombie (D:7)
  3 hounds
  2 bullfrog skeletons (D:5)
  An orc priest (D:4)
  3 jellies
  3 iguanas
  Terence (D:3)
  2 howler monkey skeletons
  7 adders
  9 gnolls
  3 river rats
  A white imp (D:6)
  3 worms
  The ghost of flotson the Sneak, a weakling DsDe (D:5)
  A dart slug (D:2)
  21 orcs
  8 ball pythons
  7 endoplasms
  2 giant cockroaches
  11 goblins
  15 hobgoblins
  14 kobolds
  6 quokkas
  6 bats
  9 frilled lizards
  7 rats
172 creatures vanquished.

Vanquished Creatures (others)
  A fungus (D:5)
  3 plants (D:5)
4 creatures vanquished.

Grand Total: 176 creatures vanquished

Notes
Turn   | Place    | Note
-------+----------+-------------------------------------------
     0 | D:1      | cheechan the Octopode Berserker began the quest for the
                  | Orb.
     0 | D:1      | Reached XP level 1. HP: 16/16 MP: 1/1
  1102 | D:1      | Reached XP level 2. HP: 21/21 MP: 2/2
  1110 | D:1      | Gained mutation: You are robust. (+10% HP) [potion of
                  | mutation]
  1110 | D:1      | Gained mutation: You expend magic power (3 MP) to
                  | strengthen your wands. [potion of mutation]
  1110 | D:1      | Gained mutation: Your muscles are strong. (Str +2) [potion
                  | of mutation]
  1264 | D:2      | Found a faded altar of an unknown god.
  1360 | D:2      | Reached XP level 3. HP: 28/28 MP: 3/3
  1572 | D:2      | Identified 2 scrolls of acquirement
  1572 | D:2      | Acquired a ring of the Octopus King {AC+1 EV+1 Str+1 Int+1
                  | Dex+1 SInv}
  1572 | D:2      | Found the ring of the Octopus King {AC+1 EV+1 Str+1 Int+1
                  | Dex+1 SInv}
  1588 | D:2      | Acquired a +4 battleaxe of flaming
  1985 | D:3      | Found Vashra's Jewellery Boutique.
  1990 | D:3      | Reached XP level 4. HP: 36/36 MP: 4/4
  1994 | D:3      | Reached skill level 1 in Stealth
  2020 | D:3      | Reached ** piety under Trog
  2213 | D:3      | Found a glowing drain.
  2217 | Sewer    | Entered a sewer
  2300 | Sewer    | Reached skill level 4 in Axes
  2392 | Sewer    | Reached XP level 5. HP: 38/40 MP: 5/5
  2796 | D:3      | Found a broken altar of Ashenzari.
  3117 | D:3      | Noticed Terence
  3120 | D:3      | Killed Terence
  3146 | D:3      | Found a snail-covered altar of Cheibriados.
  3255 | D:4      | Found Zin's Purification Station.
  3257 | D:4      | Found a glowing silver altar of Zin.
  3310 | D:4      | Bought a potion of curing for 90 gold pieces
  3463 | D:4      | Reached *** piety under Trog
  3572 | D:4      | Reached XP level 6. HP: 47/47 MP: 6/6
  3574 | D:4      | Reached skill level 5 in Axes
  4186 | D:5      | Entered Level 5 of the Dungeon
  4383 | D:5      | HP: 1/48 [centaur/arrow (13)]
  4386 | D:5      | Reached XP level 7. HP: 13/53 MP: 7/7
  4745 | D:5      | Found a runed translucent gate.
  4745 | D:5      | Found a runed translucent gate.
  4750 | D:5      | Noticed flotson's ghost (weakling DsDe)
  4787 | D:5      | Found a runed translucent gate.
  4800 | D:5      | Reached skill level 6 in Axes
  4801 | D:5      | Killed flotson's ghost
  5109 | D:5      | Found a radiant altar of Vehumet.
  5363 | D:6      | HP: 1/53 [centaur (3)]
  5426 | D:6      | Reached skill level 5 in Fighting
  5629 | D:6      | Reached skill level 7 in Axes
  5629 | D:6      | Reached XP level 8. HP: 37/60 MP: 8/8
  5861 | D:6      | Reached skill level 5 in Stealth
  6423 | D:6      | Gained mutation: Your body sometimes deteriorates upon
                  | taking damage. [potion of mutation]
  6423 | D:6      | Gained mutation: You sometimes lose the ability to read
                  | scrolls when taking damage. [potion of mutation]
  6423 | D:6      | Gained mutation: Your spells are a little harder to cast,
                  | but a little more powerful. [potion of mutation]
  6424 | D:6      | Lost mutation: You sometimes lose the ability to read
                  | scrolls when taking damage. [potion of mutation]
  6424 | D:6      | Lost mutation: Your spells are a little harder to cast, but
                  | a little more powerful. [potion of mutation]
  6424 | D:6      | Gained mutation: You are clumsy. (Dex -2) [potion of
                  | mutation]
  6424 | D:6      | Lost mutation: You are clumsy. (Dex -2) [potion of
                  | mutation]
  7002 | D:7      | Found a flagged portal.
  7237 | D:7      | Found a staircase to the Ecumenical Temple.
  7463 | D:7      | Reached skill level 1 in Shields
  7465 | D:7      | Reached **** piety under Trog
  7466 | D:7      | Reached skill level 8 in Axes
  7635 | Bailey   | Entered a bailey
  7847 | Bailey   | Found an iron altar of Okawaru.
  7847 | Bailey   | Noticed a kobold demonologist
  7847 | Bailey   | Noticed an orc high priest
  7853 | Bailey   | Noticed a sixfirhy
  7856 | Bailey   | Killed an orc high priest
  7857 | Bailey   | Reached skill level 9 in Axes
  7857 | Bailey   | Reached XP level 9. HP: 67/68 MP: 9/9
  7857 | Bailey   | Noticed a rust devil
  7860 | Bailey   | Killed a kobold demonologist
  8038 | Bailey   | Reached skill level 5 in Dodging
  8836 | Bailey   | Reached skill level 10 in Axes
  9277 | Bailey   | Identified the +1 leather armour of the Amoeba {Fly rF+
                  | Str+3}
  9394 | Bailey   | Reached XP level 10. HP: 48/75 MP: 10/10
  9780 | D:7      | Acquired the amulet of Tiothroqeo {Acrobat Rampage rC+++
                  | Dex-2}
 10013 | D:8      | Found a burning altar of Makhleb.
 10039 | D:8      | Found a hide-covered altar of Uskayaw.
 10045 | D:8      | Noticed a two-headed ogre
 10050 | D:8      | Reached skill level 1 in Throwing
 10052 | D:8      | Mangled by a two-headed ogre

Illustrated notes

Levels and vault maps discovered:
D:1:      matt_arrival_grand_opening, layout_loops_ring
D:2:      layout_basic, hellmonk_ecumenical_altar_pennies_from_heaven,
          small_statue_intersection, kennysheep_nub, minmay_diced_spiral
D:3:      layout_rooms, grunt_temple_overflow_open, gup_sewer_entry_spiral,
          serial_shops, shop, minmay_stone_trees_small,
          kennysheep_cross_bottleneck, palyth_stone_intersect, minivault_25,
          uniq_terence
D:4:      layout_rooms, zin_purify, serial_bayou_pond_d
D:5:      layout_basic, lemuel_tele_altar, gammafunk_ghost_nasty_kobolds
D:6:      layout_basic, corexii_checkpoint_a, minmay_misc_feat_rugged,
          kennysheep_generic_room_12
D:7:      layout_rooms, minmay_temple_entry_crystal_x, enter_bailey_2
D:8:      layout_cave_pools, nicolae_uskayaw_dance_hall,
          mainiacjoe_overflow_boulevard, gammafunk_temple_overflow_statue,
          chequers_serial_rivers_micro_a, uniq_pikel

Skill      XL: |  1  2  3  4  5  6  7  8  9 10 |
---------------+-------------------------------+-----
Stealth        | 1 2 3 4 6 7 |  7.1
Fighting       | 4 5 6 |  6.8
Axes           | 4 5 7 9 10 | 10.5
Dodging        | 4 5 |  5.4
Shields        | 1 2 3 |  3.0
Throwing       | 1 |  1.0

Action                   |  1- 3 |  4- 6 |  7- 9 | 10-12 || total
-------------------------+-------+-------+-------+-------++-------
Melee: Hand axe          |    29 |       |    85 |    10 ||   124
       Constrict         |     9 |    21 |    29 |     4 ||    63
       Tentacles         |     2 |    11 |    30 |     3 ||    46
       Battleaxe         |     8 |    88 |    47 |       ||   143
Throw: Dart              |       |       |     4 |       ||     4
Invok: Berserk           |     2 |     3 |     6 |     1 ||    12
  Use: Scroll            |     6 |     7 |     4 |     1 ||    18
       Potion            |     1 |     1 |     6 |       ||     8
 Stab: Sleeping          |     1 |    12 |     4 |       ||    17
       Distracted        |       |     1 |       |       ||     1
Armor: Skin              |     3 |    12 |     5 |       ||    20
Dodge: Dodged            |    18 |    51 |    80 |     4 ||   153
Block: Kite shield       |    11 |       |    48 |     9 ||    68

Table legend: (Time is in decaauts)
 A = Elapsed time spent in this place.
 B = Non-inter-level travel time spent in this place.
 C = Inter-level travel time spent in this place.
 D = Time resting spent in this place.
 E = Time spent auto-exploring this place.
 F = Levels seen in this place.
 G = Mean time per level.
                   A        B        C        D        E       F      G
               +--------+--------+--------+--------+--------+-----+--------+
         Total |  10236 |  10236 |      0 |   4104 |      0 |  10 | 1023.6 |
       Dungeon |   7743 |   7743 |      0 |   2495 |      0 |   8 |  967.9 |
         Sewer |    406 |    406 |      0 |     58 |      0 |   1 |  406.0 |
        Bailey |   2086 |   2086 |      0 |   1551 |      0 |   1 | 2086.0 |
               +--------+--------+--------+--------+--------+-----+--------+

Top non-repeatable levels by time:
  Bailey: 2086 daAuts
     D:6: 1751 daAuts
     D:1: 1219 daAuts
     D:5: 1081 daAuts
     D:4: 1010 daAuts
     D:7: 924 daAuts
     D:3: 865 daAuts
     D:2: 784 daAuts
   Sewer: 406 daAuts
     D:8: 106 daAuts
